 Dungeon Crawl Stone Soup version 0.23.2-40-g277498a001 (webtiles) character file.

Game seed: 15966658066948638922

850 Emblim88 the Skirmisher (level 7, -19/64 HPs)
             Began as a Minotaur Fighter on Aug 17, 2019.
             Was a Follower of Okawaru.
             Demolished by a large abomination (28 damage)
             ... on level 1 of the Abyss.
             The game lasted 00:06:47 (3144 turns).

Emblim88 the Skirmisher (Minotaur Fighter)          Turns: 3144, Time: 00:06:48

Health: -19/64     AC:  9    Str: 22    XL:     7   Next: 69%
Magic:  6/6        EV:  9    Int:  5    God:    Okawaru [*.....]
Gold:   253        SH: 13    Dex: 10    Spells: 6/6 levels left

rFire    + . .     SeeInvis .   a - +0 war axe
rCold    x . .     Gourm    .   c - +0 shield
rNeg     . . .     Faith    .   b - +0 scale mail
rPois    .         Spirit   .   (helmet restricted)
rElec    .         Reflect  +   h - +0 cloak
rCorr    .         Harm     .   m - +0 pair of gloves
MR       .....                  (no boots)
Stlth    ..........             l - +3 amulet of reflection
HPRegen  0.20/turn              q - ring of fire
MPRegen  0.10/turn              (no ring)

@: no status effects
A: retaliatory headbutt, horns 2
a: Heroism, Renounce Religion


You were on level 1 of the Abyss.
You worshipped Okawaru.
Okawaru was aware of your devotion.
You were not hungry.

You visited 1 branch of the dungeon, and saw 5 of its levels.
You visited the Abyss 1 time.

You collected 253 gold pieces.

Inventory:

Hand Weapons
 a - a +0 war axe (weapon)
 v - a +2 flail of protection
Armour
 b - a +0 scale mail (worn)
 c - a +0 shield (worn)
 h - a +0 cloak (worn)
 m - a +0 pair of gloves (worn)
Jewellery
 l - a +3 amulet of reflection (around neck)
 p - an uncursed amulet of the gourmand {unknown}
 q - a ring of fire (left hand)
Scrolls
 d - a scroll of amnesia
 e - a scroll of random uselessness {unknown}
 g - a scroll of enchant weapon {unknown}
 i - 3 scrolls of remove curse
 k - 2 scrolls of identify {unknown}
 n - a scroll of magic mapping {unknown}
 r - a scroll of fog
 s - a scroll of teleportation {unknown}
 t - a scroll of torment {unknown}
Potions
 j - a potion of flight
 o - a potion of cancellation {unknown}
Comestibles
 f - 10 rations


   Skills:
 * Level 6.7 Fighting
 * Level 6.0 Axes
 + Level 5.3 Armour
 + Level 3.1 Dodging
 + Level 5.3 Shields


You had 6 spell levels left.
You didn't know any spells.
Your spell library was empty.

Dungeon Overview and Level Annotations

Branches:
Dungeon (5/15)
 Temple: D:4-7

Altars:
Okawaru
Ru
Wu Jian


Innate Abilities, Weirdness & Mutations

You reflexively headbutt those who attack you in melee.
You have a pair of horns on your head.


Message History

You block the small abomination's attack.
There is an open door, spattered with blood here.
Found a robe.
You see here a pair of gloves.
You block the small abomination's attack.
The small abomination hits you but does no damage.
You block the small abomination's attack.
You block the small abomination's attack.
Found 2 potions of curing.
A small abomination comes into view.
The small abomination hits you!
* * * LOW HITPOINT WARNING * * *
A smoke demon and a large abomination come into view.
The smoke demon closely misses you. The smoke demon barely misses you.
The smoke demon hits you but does no damage.
A large abomination comes into view.
The small abomination hits you!
* * * LOW HITPOINT WARNING * * *
The large abomination hits you!!
You die...

## ..##### . ##.#.#. ..
#..... #'#
#.####..#.### #...
#....#......##....
#..#..x#.##......
#...X@x3#..##. # ..#
#..##...#...##..#....#.
#....#.#.#..# ....#.
...##..###....###....#.
.# #..# ###..#.#....#
#.X......##.##....#.
..#.. ##.. #..#####[
### .......##.......
..##. . ##......


You could see 2 large abominations, a smoke demon and 2 small abominations.

Vanquished Creatures
  Sigmund (D:2)
  A phantom (D:4)
  A centaur (D:5)
  A howler monkey (D:4)
  A gnoll shaman (D:4)
  A hound (D:3)
  5 orc priests (D:4)
  2 orc wizards (D:4)
  A bullfrog skeleton (D:4)
  An iguana (D:4)
  A hound skeleton (D:4)
  3 gnolls (D:4)
  2 adders
  A shadow imp (D:5)
  An ooze (D:2)
  An adder skeleton (D:4)
  2 dart slugs
  2 leopard geckos
  9 orcs
  3 ball pythons
  8 bats
  5 giant cockroaches
  9 goblins
  6 hobgoblins
  4 kobolds
  A quokka (D:2)
  7 frilled lizards
  14 rats
94 creatures vanquished.

Vanquished Creatures (others)
  An orc (D:4)
1 creature vanquished.

Grand Total: 95 creatures vanquished

Notes
Turn   | Place    | Note
-------+----------+-------------------------------------------
     0 | D:1      | Emblim88 the Minotaur Fighter began the quest for the Orb.
     0 | D:1      | Reached XP level 1. HP: 19/19 MP: 0/0
   159 | D:1      | Reached XP level 2. HP: 26/27 MP: 1/1
   750 | D:2      | Reached XP level 3. HP: 29/33 MP: 2/2
   991 | D:2      | Noticed Sigmund
  1007 | D:2      | HP: 1/33 [something (2)]
  1012 | D:2      | Killed Sigmund
  1012 | D:2      | Reached skill level 5 in Fighting
  1012 | D:2      | Reached skill level 1 in Dodging
  1012 | D:2      | Reached XP level 4. HP: 2/42 MP: 3/3
  1012 | D:2      | Reached XP level 5. HP: 3/48 MP: 4/4
  1479 | D:2      | Found a sacrificial altar of Ru.
  1479 | D:2      | Found an iron altar of Okawaru.
  1485 | D:2      | Became a worshipper of Warmaster Okawaru
  1901 | D:3      | Reached XP level 6. HP: 53/56 MP: 5/5
  2254 | D:4      | Reached skill level 5 in Axes
  2379 | D:4      | Reached skill level 5 in Armour
  2379 | D:4      | Reached XP level 7. HP: 32/63 MP: 6/6
  2656 | D:4      | Reached skill level 5 in Shields
  2697 | D:4      | Reached * piety under Okawaru
  2936 | D:4      | Found an ornate altar of the Wu Jian Council.
  3028 | D:5      | Entered Level 5 of the Dungeon
  3061 | D:5      | Cast into level 1 of the Abyss (orc)
  3062 | Abyss:1  | Found a corrupted altar of Lugonu.
  3080 | Abyss:1  | Noticed a small abomination
  3142 | Abyss:1  | Noticed a smoke demon
  3144 | Abyss:1  | Noticed a large abomination
  3144 | Abyss:1  | Demolished by a large abomination

Skill      XL: |  1  2  3  4  5  6  7 |
---------------+----------------------+-----
Axes           | 3 4 5 6 |  6.0
Fighting       | 4 5 6 |  6.7
Armour         | 4 5 |  5.3
Dodging        | 1 2 3 |  3.1
Shields        | 4 5 |  5.3

Action                   |  1- 3 |  4- 6 |  7- 9 || total
-------------------------+-------+-------+-------++-------
Melee: War axe           |    86 |    73 |    43 ||   202
       Headbutt          |    14 |    16 |     7 ||    37
       Flail             |       |    22 |       ||    22
  Use: Potion            |     1 |     5 |       ||     6
       Scroll            |       |     1 |     2 ||     3
  Eat: Chunk             |       |     4 |       ||     4
       Ration            |       |       |     1 ||     1
Armor: Scale mail        |    35 |    42 |    15 ||    92
Dodge: Dodged            |    26 |    32 |    19 ||    77
Block: Shield            |    32 |    57 |    44 ||   133
       Reflection        |       |     1 |       ||     1
